 Dungeon Crawl Stone Soup version 0.24.0-37-gcf1ca852f1 (webtiles) character file.

Game seed: 8988198274354518303, levelgen mode: deterministic

32 Mesmaeker13 the Conjurer (level 3, -8/26 HPs)
             Began as a Draconian Conjurer on Dec 2, 2019.
             Killed by nerve-wracking pain
             ... invoked by an orc priest
              (11 damage)
             ... on level 3 of the Dungeon.
             The game lasted 00:01:44 (1573 turns).

Mesmaeker13 the Conjurer (Draconian Conjurer)       Turns: 1573, Time: 00:01:45

Health: -8/26      AC:  5    Str: 10    XL:     3   Next: 10%
Magic:  6/6        EV: 12    Int: 16    God:
Gold:   73         SH:  0    Dex: 11    Spells: 4/7 levels left

rFire    . . .     SeeInvis .   (no weapon)
rCold    . . .     Gourm    .   (no shield)
rNeg     . . .     Faith    .   (armour unavailable)
rPois    .         Spirit   .   (helmet restricted)
rElec    .         Reflect  .   (no cloak)
rCorr    .         Harm     .   (no gloves)
MR       .....                  (no boots)
Stlth    ++........             (no amulet)
HPRegen  0.08/turn              (no ring)
MPRegen  0.10/turn              (no ring)

@: no status effects
A: unfitting armour, cold-blooded, AC +5
a: no special abilities


You were on level 3 of the Dungeon.
You were hungry.

You visited 1 branch of the dungeon, and saw 4 of its levels.

You collected 73 gold pieces.

Inventory:

Missiles
 f - 5 datura-tipped darts (quivered)
 h - 20 poisoned darts
Jewellery
 g - an uncursed amulet of guardian spirit {unknown}
Scrolls
 d - 3 scrolls of identify {unknown}
 e - 2 scrolls of remove curse {unknown}
Potions
 c - a potion of curing {unknown}
Comestibles
 b - 5 rations


   Skills:
 + Level 2.3 Dodging
 - Level 1.7 Stealth
 + Level 2.5 Spellcasting
 + Level 4.3 Conjurations


You had 4 spell levels left.
You knew the following spells:

 Your Spells              Type           Power        Failure   Level  Hunger
a - Magic Dart            Conj           ###.         3%          1    #......
b - Searing Ray           Conj           ###...       4%          2    ##.....

Your spell library contained the following spells:

 Spells                   Type           Power        Failure   Level  Hunger
 Dazzling Spray           Conj/Hex       #.....       24%         3    ###....
 Iskenderun's Mystic Bla  Conj           ###.....     32%         4    #####..
 Force Lance              Conj/Tloc      #.......     63%         4    #####..
 Fulminant Prism          Conj/Hex       #.........   63%         4    #####..


Dungeon Overview and Level Annotations

Branches:
Dungeon (4/15)
 Temple: D:4-7

Altars:
Nemelex Xobeh
The Shining One


Innate Abilities, Weirdness & Mutations

Your plain brown scales are hard. (AC +5)
You cannot fit into any form of body armour.
You are cold-blooded and may be slowed by cold attacks.


Message History

The orc barely misses you. The rat bites you but does no damage.
The rat bites you.
* * * LOW HITPOINT WARNING * * *
Unknown command.
You hit the orc.
The orc is moderately wounded.
The bat hits you but does no damage. The orc barely misses you.
The rat bites you.
* * * LOW HITPOINT WARNING * * *
The bat barely misses you. The orc closely misses you.
The rat bites you but does no damage.
You hit the bat.
The bat is severely wounded.
The bat hits you but does no damage. The rat closely misses you.
The orc hits you but does no damage. The rat closely misses you.
Unknown command.
The bat barely misses you. The orc barely misses you.
The orc priest invokes the aid of Beogh against you.
Pain shoots through your body!
You die...

..## .... .....
..... ..<..%
#.############?.....
#........!roo.b.....
###...or.@o......
#.######....... #.#
..#.### . #.### ..#
# ....##o..## .>.
...........# .##.
.[...####..# .# ..
.....####..###.# ##
###............#


You could see an orc priest, 3 orcs, a bat and 2 rats.

Vanquished Creatures
  A gnoll (D:1)
  An orc (D:3)
  2 giant cockroaches (D:1)
  2 goblins (D:1)
  3 hobgoblins (D:1)
  A quokka (D:2)
  5 bats (D:1)
  A frilled lizard (D:1)
  2 kobolds (D:1)
  2 rats (D:1)
20 creatures vanquished.

Notes
Turn   | Place    | Note
-------+----------+-------------------------------------------
     0 | D:1      | Mesmaeker13 the Draconian Conjurer began the quest for the
                  | Orb.
     0 | D:1      | Reached XP level 1. HP: 14/14 MP: 3/3
   476 | D:1      | Reached XP level 2. HP: 20/20 MP: 0/5
   580 | D:1      | Found a glowing golden altar of the Shining One.
  1004 | D:1      | Reached XP level 3. HP: 26/26 MP: 0/6
  1426 | D:2      | Learned a level 2 spell: Searing Ray
  1464 | D:2      | You fall into a shaft and drop 2 floors!
  1492 | D:3      | Found a sparkling altar of Nemelex Xobeh.
  1573 | D:3      | Killed from afar by an orc priest

Levels and vault maps discovered:
D:1:      dpeg_arrival_chambers_temple_mockup, layout_loops_ring, tso_altar
D:2:      cheibrodos_greedy_goblins, layout_loops_ring
D:3:      layout_loops_ring, lemuel_blue_sif_altar,
          nemelex_xobeh_ov_fountains_minmay, first_ration
D:4:      layout_basic, bloody_trog, minmay_temple_entry_statues_pillars

Skill      XL: |  1 |
---------------+----+-----
Dodging        | 2 |  2.3
Stealth        | |  1.7
Spellcasting   | |  2.5
Conjurations   | |  4.3

Action                   || total
-------------------------++-------
Melee: Unarmed           ||    39
       Tailslap          ||     5
 Cast: Magic Dart        ||    38
       Searing Ray       ||     1
  Use: Scroll            ||     1
  Eat: Chunk             ||     2
Armor: Skin              ||    25
Dodge: Dodged            ||    69
